 Dungeon Crawl Stone Soup version 0.30-a0-737-gf23d94013f (webtiles) character file.

Game seed: 17925248507137604342

58126 retardedninja the Bludgeoner (level 14, -14/95 HPs)
             Began as a Gargoyle Fighter on Feb 2, 2023.
             Was an Initiate of Gozag.
             Demolished by an ice devil (20 damage)
             ... summoned by an orc sorcerer
             ... on level 2 of the Orcish Mines.
             The game lasted 00:44:18 (31659 turns).

retardedninja the Bludgeoner (Gargoyle Fighter)    Turns: 31659, Time: 00:44:19

Health: -14/95     AC:  3    Str: 22      XL:     14   Next: 89%
Magic:  0/14       EV: 11    Int:  5 (8)  God:    Gozag
Gold:   3777       SH: 12    Dex:  9      Spells: 13/13 levels left

rFire   + . .      SeeInvis .    C - +4 flail
rCold   . . .      Faith    .    h - +0 kite shield
rNeg    + . .      Spirit   +    E - +9 plate armour {ponderous}
rPois   ∞          Reflect  .    v - +0 helmet
rElec   +          Harm     .    (no cloak)
rCorr   .          Rampage  .    (no gloves)
Will    ++...                    l - +1 pair of boots "Jiway" {Contam rF+ Regen+ Slay+5} Stlth
                                 r - amulet of guardian spirit
HPRegen 1.15/turn                t - ring of willpower
MPRegen 0.14/turn                D - +5 ring of evasion

@: corroded, flying, slow
A: sickness immunity, AC +10, big wings, negative energy resistance 1,
electricity resistance, torment resistance 1, petrification resistance, dopey 1,
weak 1
a: Renounce Religion, Potion Petition, Call Merchant, Bribe Branch


You were on level 2 of the Orcish Mines.
You worshipped Gozag.
Gozag was most pleased with you.
You visited 4 branches of the dungeon, and saw 21 of its levels.
You also visited: Gauntlet.

You collected 7915 gold pieces.
You spent 728 gold pieces at shops.
You paid 3410 gold pieces to Gozag.

Inventory:

Hand Weapons
 C - a +4 flail (weapon)
Missiles
 y - 3 throwing nets (quivered)
Armour
 h - a +0 kite shield (worn)
 l - the +1 pair of boots "Jiway" (worn) {Contam rF+ Regen+ Slay+5}
   (You acquired it on level 5 of the Lair of Beasts)

   Slay:      It affects your accuracy & damage with ranged weapons and melee
   (+5).
   rF:        It protects you from fire.
   Contam:    It causes magical contamination when unequipped.
   Regen:     It increases your rate of health regeneration.
 v - a +0 helmet (worn)
 E - a +9 plate armour of ponderousness (worn)
Jewellery
 f - a ring of protection from fire
 r - an amulet of guardian spirit (around neck)
 t - a ring of willpower (left hand)
 D - a +5 ring of evasion (right hand)
 F - an amulet of magic regeneration
Wands
 b - a wand of paralysis (36)
 i - a wand of mindburst (27)
 p - a wand of polymorph (10)
 s - a wand of digging (9)
Scrolls
 a - a scroll of amnesia
 d - a scroll of fear
 g - 3 scrolls of teleportation
 n - 2 scrolls of magic mapping
Potions
 c - 4 potions of magic
 j - 2 potions of mutation
 m - a potion of brilliance
 o - a potion of lignification
 q - 7 potions of flight
 z - 5 potions of attraction
Miscellaneous
 e - a box of beasts (inert)
 w - a piece from Xom's chessboard (15/15)


   Skills:
 + Level 13.7 Fighting
 * Level 15.1 Maces & Flails
 + Level 13.8 Armour
 + Level 13.8 Shields


You had 13 spell levels left.
You didn't know any spells.
Your spell library contained the following spells:

 Spells                   Type           Power      Damage    Failure   Level
 Beastly Appendage        Tmut           0%         N/A       100%        1
 Freeze                   Ice            0%         1d3       100%        1
 Summon Small Mammal      Summ           0%         N/A       100%        1
 Scorch                   Fire           0%         2d5       100%        2
 Static Discharge         Conj/Air       0%         2-2/arc   100%        2
 Wereblood                Tmut           0%         N/A       100%        2
 Call Canine Familiar     Summ           0%         N/A       100%        3
 Dazzling Flash           Conj/Hex       0%         N/A       100%        3
 Frozen Ramparts          Ice            0%         1d1       100%        3
 Hailstorm                Conj/Ice       0%         3d3       100%        3
 Ignite Poison            Fire/Tmut/Pois 0%         N/A       100%        3
 Inner Flame              Hex/Fire       0%         N/A       100%        3
 Portal Projectile        Hex/Tloc       0%         N/A       100%        3
 Spider Form              Tmut/Pois      0%         N/A       100%        3
 Summon Guardian Golem    Hex/Summ       0%         N/A       100%        3
 Vhi's Electric Charge    Tloc/Air       0%         N/A       100%        3
 Flame Wave               Conj/Fire      0%         2d4       100%        4
 Ice Form                 Ice/Tmut       0%         N/A       100%        4
 Iskenderun's Mystic Bla  Conj/Tloc      0%         2d3       100%        4
 Leda's Liquefaction      Hex/Erth       0%         N/A       100%        4
 Sticky Flame             Conj/Fire      0%         2d3       100%        4
 Summon Ice Beast         Ice/Summ       0%         N/A       100%        4
 Arcjolt                  Conj/Air       0%         1d10      100%        5
 Fireball                 Conj/Fire      0%         3d3       100%        5
 Iskenderun's Battlesphe  Conj           0%         2d6       100%        5
 Lightning Bolt           Conj/Air       0%         1d11      100%        5
 Conjure Ball Lightning   Conj/Air       0%         3x3d6     100%        6
 Starburst                Conj/Fire      0%         6d3       100%        6
 Summon Cactus Giant      Summ           0%         N/A       100%        6
 Malign Gateway           Summ/Tloc      0%         N/A       100%        7
 Orb of Destruction       Conj           0%         9d5       100%        7
 Summon Hydra             Summ           0%         N/A       100%        7
 Disjunction              Tloc           0%         N/A       100%        8
 Ignition                 Fire           0%         3d3       100%        8
 Sublimation of Blood     Necr           Unusable   N/A       N/A         2

Dungeon Overview and Level Annotations

Branches:
Dungeon (13/15)            Temple (1/1) D:6            Lair (5/5) D:11
 Shoals (0/4) Lair:2        Snake (0/4) Lair:2        Slime (0/5) Lair:5
    Orc (2/2) D:10            Elf (0/3) Orc:2       Gauntlet (visited)
 Vaults: D:13-14

Altars:
Ashenzari
Cheibriados
Dithmenos
Elyvilon
Fedhas
Gozag
Hepliaklqana
Kikubaaqudgha
Makhleb
Nemelex Xobeh
Okawaru
Qazlal
Ru
Sif Muna
Trog
Uskayaw
Vehumet
Wu Jian
Xom
Yredelemnul
Zin
The Shining One
Jiyva

Shops:
D:5 ?

Portals:
Hell: Lair:5
Trove: D:11 (give +5 ice dragon scales)

Annotations:
D:4 3 runed translucent doors, TheSexyCheese's ghost, amateur DsGl


Innate Abilities, Weirdness & Mutations

You are immune to sickness and miasma.
Your stone body is resilient. (AC +10)
You are immune to poison.
Your large and strong wings let you fly.
You resist negative energy. (rN+)
You are resistant to electric shocks. (rElec)
You are resistant to unholy torment.
You are immune to petrification.
You are dopey. (Int -2)
You are weak. (Str -2)


Message History

The orc sorcerer hits you with a +0 dagger!
You closely miss the orc sorcerer.
The orc sorcerer is severely wounded.
The rust devil hits you. The rust devil corrodes you!
You closely miss the orc sorcerer.
The orc sorcerer is severely wounded.
The rust devil disappears in a puff of smoke!
The orc sorcerer misses you.
You hit the orc sorcerer.
The orc sorcerer is severely wounded.
The orc sorcerer barely misses you.
You closely miss the orc sorcerer.
The orc sorcerer is severely wounded.
The orc sorcerer hits you with a +0 dagger.
You hit the orc sorcerer but do no damage.
The orc sorcerer is severely wounded.
The orc sorcerer casts a spell.
The orc knight roars a battlecry!
The orc sorcerer goes into a battle-frenzy!
You closely miss the orc sorcerer.
The orc sorcerer is severely wounded.
You closely miss the orc sorcerer.
The orc sorcerer is severely wounded.
You block the orc sorcerer's attack.
You hit the orc sorcerer but do no damage.
The orc sorcerer is severely wounded.
The orc sorcerer casts a spell at you. You resist with almost no effort.
You block the ice devil's attack.
You closely miss the orc sorcerer.
The orc sorcerer is severely wounded.
You block the orc sorcerer's attack. The ice devil hits you!
* * * LOW HITPOINT WARNING * * *
The ice devil freezes you!!
* * * LOW HITPOINT WARNING * * *
You completely miss the orc sorcerer.
The orc sorcerer is severely wounded.
You block the orc sorcerer's attack. The ice devil hits you.
* * * LOW HITPOINT WARNING * * *
The ice devil freezes you!!
You die...
Your body crumbles into a pile of gold.

#)#............#...#.##
####.....)...####.####
###........##### ###
##.........## ##.##
#......))..## #...#
#######.))..## ##..##
**###....# ##....#
****,,*##[..# ##....##
***,,,,,,##@o.###.#..##
**∩,,,,,,,#o4$###.....##
**,,,,÷..÷.....#.##.....#
*∩,,,,.°......##..#....####
*∩,,,,.......###.#......#.####
**,,,,.......#.............#.#
**∩,,.....###......#.....#...
***,....##.........#..####..
###########..............###..


You could see an orc knight, an ice devil (summoned) and an orc sorcerer
(strong).

Vanquished Creatures
  An orc warlord (Orc:2)
  A dire elephant (Lair:5)
  A hell beast (Lair:5)
  A hydra (Lair:5)
  Fannar (Lair:1)
  An ogre mage (Orc:1)
  A boulder beetle (Lair:2)
  7 two-headed ogres
  4 death yaks (Lair:3)
  Nergalle (D:10)
  3 orc high priests (Orc:2)
  A wizard (Lair:5)
  5 orc knights
  An oklob plant (Lair:3)
  5 orc sorcerers
  An ugly thing (D:12)
  9 black mambas
  A salamander (shapeshifter) (D:9)
  16 elephants
  A torpor snail (Lair:5)
  2 gargoyles (D:12)
  12 cane toads
  3 orange demons (Lair:5)
  An unseen horror (D:11)
  2 rime drakes (Lair:5)
  7 komodo dragons
  A red devil (Lair:5)
  2 ice devils (Lair:5)
  2 meliai (D:13)
  3 trolls
  A hellwing (Lair:5)
  A polar bear (Lair:4)
  Grinder (D:5)
  6 dream sheep (Lair:5)
  18 blink frogs
  12 yaks
  2 slime creatures (Lair:5)
  3 basilisks
  2 wraiths
  Eustachio (D:6)
  A wyvern (D:8)
  4 steam dragons
  Grum (D:9)
  Edmund (D:4)
  13 vampire mosquitoes
  2 wargs (Orc:2)
  2 acid dragons
  4 hell hounds (Lair:5)
  16 water moccasins
  2 sky beasts (D:7)
  27 orc warriors
  An ice beast (D:8)
  2 black bears
  9 wolves
  3 ogres
  3 centaurs
  2 phantoms
  4 kobold brigands
  10 bullfrogs
  3 scorpions
  2 gnoll sergeants
  4 wights (D:7)
  8 killer bees (D:9)
  2 electric eels
  8 howler monkeys (D:9)
  2 hounds
  11 jellies
  A quasit (D:7)
  21 orc priests
  Ijyb (D:5)
  3 iguanas
  20 orc wizards
  8 adders
  10 gnolls
  3 shadow imps
  5 white imps
  An ufetubus (D:5)
  A worm (D:4)
  5 dart slugs
  63 orcs
  A bat (D:2)
  15 endoplasms
  3 giant cockroaches
  5 goblins
  9 hobgoblins
  10 jackals
  24 kobolds
  4 quokkas
  7 ball pythons
  7 frilled lizards
  3 rats
  A bush (D:1)
522 creatures vanquished.

Vanquished Creatures (collateral kills)
  2 vampire mosquitoes (D:13)
  An orc (Orc:2)
3 creatures vanquished.

Vanquished Creatures (others)
  An orc wizard (Orc:1)
  An orc (Orc:2)
  14 fungi
  9 plants
25 creatures vanquished.

Grand Total: 550 creatures vanquished

Notes
Turn   | Place    | Note
-------+----------+-------------------------------------------
     0 | D:1      | retardedninja the Gargoyle Fighter began the quest for the
                  | Orb.
     0 | D:1      | Reached XP level 1. HP: 14/14 MP: 1/1
   189 | D:1      | Reached XP level 2. HP: 19/19 MP: 2/2
  1000 | D:2      | Reached XP level 3. HP: 23/23 MP: 3/3
  1519 | D:3      | Found a faded altar of an unknown god.
  1558 | D:3      | Reached XP level 4. HP: 24/29 MP: 4/4
  1574 | D:3      | Reached skill level 3 in Maces & Flails
  1882 | D:3      | Reached XP level 5. HP: 33/33 MP: 5/5
  2134 | D:4      | Noticed a phantom
  2165 | D:4      | Killed a phantom
  2383 | D:4      | Found a runed translucent gate.
  2384 | D:4      | Found a runed translucent gate.
  2389 | D:4      | Found a runed translucent gate.
  2390 | D:4      | Noticed TheSexyCheese's ghost (amateur DsGl)
  2419 | D:4      | Reached XP level 6. HP: 36/39 MP: 6/6
  2896 | D:4      | Noticed Edmund
  2915 | D:4      | Killed Edmund
  3735 | D:5      | Entered Level 5 of the Dungeon
  3735 | D:5      | Noticed a water moccasin
  3748 | D:5      | Killed a water moccasin
  3749 | D:5      | Reached skill level 5 in Fighting
  3749 | D:5      | Reached skill level 4 in Maces & Flails
  3749 | D:5      | Reached skill level 5 in Armour
  3749 | D:5      | Reached skill level 5 in Shields
  3749 | D:5      | Reached XP level 7. HP: 32/44 MP: 7/7
  4216 | D:5      | Identified the +1 robe "Qafeud" {SInv}
  4475 | D:5      | Identified the +0 robe of Pandemonium {Dex+3}
  4513 | D:5      | Identified the +12 great sword of the Bedazzled God {spect,
                  | Str+4 Stlth-}
  4530 | D:5      | Identified the +4 great sword of Blue Conscience {flame,
                  | +Blink Fly}
  4633 | D:5      | Noticed Grinder
  4654 | D:5      | Killed Grinder
  4655 | D:5      | Reached XP level 8. HP: 48/51 MP: 8/8
  4713 | D:5      | Reached skill level 5 in Maces & Flails
  4788 | D:5      | Found a broken altar of Ashenzari.
  4839 | D:5      | Found Takopofuz's Magic Scroll Emporium.
  4876 | D:5      | Noticed Ijyb
  4886 | D:5      | Killed Ijyb
  5107 | D:5      | Identified a scroll of acquirement
  5107 | D:5      | Acquired 1285 gold pieces
  5175 | D:5      | Bought a scroll of acquirement for 728 gold pieces
  5175 | D:5      | Acquired 404 gold pieces
  5198 | D:6      | Noticed Eustachio
  5223 | D:6      | Killed Eustachio
  5589 | D:6      | Found a staircase to the Ecumenical Temple.
  5629 | Temple   | Entered the Ecumenical Temple
  5885 | Temple   | Became a worshipper of Gozag Ym Sagoz the Greedy
  6452 | D:6      | Reached XP level 9. HP: 56/56 MP: 9/9
  6655 | D:7      | Reached skill level 6 in Maces & Flails
  8694 | D:8      | Reached skill level 7 in Maces & Flails
  9516 | D:8      | Reached XP level 10. HP: 42/64 MP: 10/10
 10191 | D:9      | Noticed Grum
 10206 | D:9      | Killed Grum
 11741 | D:9      | a meliai changed into a salamander
 11741 | D:9      | Noticed a salamander (shapeshifter)
 11743 | D:9      | Killed a salamander
 11812 | D:9      | Reached skill level 8 in Maces & Flails
 13411 | D:10     | Entered Level 10 of the Dungeon
 13758 | D:9      | Reached XP level 11. HP: 35/71 MP: 11/11
 14144 | D:10     | Noticed Nergalle
 14305 | D:10     | Killed Nergalle
 14760 | D:10     | Found a staircase to the Orcish Mines.
 15359 | D:11     | Found a portal to a secret trove of treasure.
 15380 | D:11     | Reached skill level 10 in Armour
 15505 | D:11     | Found a staircase to the Lair.
 15575 | D:11     | Reached skill level 10 in Fighting
 15575 | D:11     | Reached skill level 10 in Shields
 15620 | D:11     | Noticed a two-headed ogre
 15634 | D:11     | Killed a two-headed ogre
 15635 | D:11     | Reached skill level 9 in Maces & Flails
 15979 | D:12     | Got the Guide on Locality and Refrigeration
 16826 | D:12     | Noticed a red ugly thing
 16849 | D:12     | Killed a red ugly thing
 17272 | D:12     | Identified the +3 scale mail of the Desert {rC- Int+8}
 17766 | D:12     | Noticed a two-headed ogre
 17778 | D:12     | Killed a two-headed ogre
 18082 | D:12     | Noticed an orc knight
 18109 | D:12     | Killed an orc knight
 18110 | D:12     | Reached skill level 10 in Maces & Flails
 18410 | Lair:1   | Entered Level 1 of the Lair of Beasts
 18496 | Lair:1   | Reached XP level 12. HP: 60/79 MP: 7/12
 18593 | Lair:1   | Found a gate leading to a gauntlet.
 18608 | Gauntlet | Entered a Gauntlet
 18608 | Gauntlet | Found a transporter.
 18608 | Gauntlet | Found a transporter.
 18608 | Gauntlet | Found a transporter.
 18628 | Gauntlet | Found a transporter.
 18638 | Gauntlet | Found a transporter.
 18642 | Gauntlet | Found a transporter.
 18652 | Gauntlet | Found a transporter.
 18674 | Gauntlet | Found a transporter.
 18677 | Gauntlet | Noticed a catoblepas
 18692 | Gauntlet | Found a transporter.
 18696 | Gauntlet | Found a transporter.
 18712 | Gauntlet | Found a transporter.
 18716 | Gauntlet | Found a transporter.
 19189 | Lair:1   | Noticed Fannar
 19226 | Lair:1   | Killed Fannar
 19762 | Lair:2   | Noticed a boulder beetle
 19914 | Lair:2   | Killed a boulder beetle
 19977 | Lair:2   | Found a staircase to the Shoals.
 20025 | Lair:2   | Reached skill level 11 in Maces & Flails
 20109 | Lair:2   | Found a staircase to the Snake Pit.
 22231 | Lair:3   | Reached skill level 12 in Maces & Flails
 22808 | Lair:3   | Reached XP level 13. HP: 56/85 MP: 9/13
 25394 | Lair:4   | Reached skill level 13 in Maces & Flails
 25559 | Lair:5   | Entered Level 5 of the Lair of Beasts
 26347 | Lair:5   | Acquired the +1 pair of boots "Jiway" {Contam rF+ Regen+
                  | Slay+5}
 26636 | Lair:5   | Found a staircase to the Slime Pits.
 26641 | Lair:5   | Found a viscous altar of Jiyva.
 26774 | Lair:5   | Gained mutation: Your large and strong wings let you fly.
                  | [Gargoyle growth]
 26774 | Lair:5   | Reached XP level 14. HP: 92/92 MP: 14/14
 26929 | Lair:5   | Noticed a dire elephant
 26958 | Lair:5   | Killed a dire elephant
 27141 | Lair:5   | Found a burning altar of Makhleb.
 27151 | Lair:5   | Reached skill level 14 in Maces & Flails
 27258 | Lair:5   | Found a gateway to Hell.
 27942 | D:12     | Acquired 591 gold pieces
 27993 | Orc:1    | Entered Level 1 of the Orcish Mines
 28240 | Orc:1    | Paralysed by an orc sorcerer for 3 turns
 28563 | Orc:2    | Entered Level 2 of the Orcish Mines
 28684 | Orc:1    | HP: 9/211 [two-headed ogre/+0 giant club (8)]
 29292 | Orc:2    | Noticed an orc warlord
 29296 | Orc:2    | Gained mutation: You are dopey. (Int -2) [a neqoxec]
 29370 | Orc:2    | Killed an orc warlord
 29543 | Orc:2    | Found a staircase to the Elven Halls.
 31050 | Orc:2    | Reached skill level 15 in Maces & Flails
 31251 | Orc:2    | Gained mutation: You are weak. (Str -2) [a neqoxec]
 31659 | Orc:2    | Demolished by an ice devil

Illustrated notes

Levels and vault maps discovered:
D:1:      mrwooster_arrival_arrow, layout_loops_ring, serial_forest,
          infiniplex_forest_lined_ring, infiniplex_forest_clump_long,
          infiniplex_forest_straight_3, infiniplex_forest_zigzag_1
D:2:      layout_rooms, minmay_quantized
D:3:      layout_basic, hellmonk_ecumenical_altar_run_dry
D:4:      layout_loops_ring, gammafunk_ghost_necromancy, uniq_edmund
D:5:      layout_loops_ring, ashenzari_conservatory_becter, serial_shops,
          kennysheep_mini, uniq_grinder, uniq_ijyb
D:6:      layout_basic, minmay_temple_entry_large_hall, uniq_eustachio
D:7:      layout_rooms, serial_demonic, serial_demonic_e, serial_demonic_f,
          serial_demonic_c, serial_demonic_f, nicolae_zen_rock_garden
D:8:      layout_cave_pods, serial_column_ruins, column_ruins_corridor_water,
          column_ruins_corridor_corner, column_ruins_corridor_straight,
          column_ruins_grid_1, column_ruins_columns_straight,
          hangedman_decor_opposing
D:9:      layout_loops_ring, minmay_mirror_moons_of_madness, uniq_grum
D:10:     layout_rooms, uniq_nergalle
D:11:     layout_basic, lair_entry_dummy, nicolae_trove_entry_isolated,
          kennysheep_decorative_pillar
D:12:     layout_gridville, lightli_minifort
D:13:     layout_long_grid
Temple:   compressed_dpeg_triangle_lava_temple
Lair:1:   layout_regular_city, gauntlet_entry_generic, uniq_fannar
Lair:2:   layout_hall_layers, minmay_shoals_entry_centaurs, dummy_snake_entry,
          grunt_megastairs_4, infiniplex_staircase_pool
Lair:3:   lemuel_slime, layout_big_grid, serial_bayou_shore_a,
          grunt_megastairs_5
Lair:4:   layout_cave_pods
Lair:5:   evil_forest, layout_cave_shapes, minmay_slime_entry_pillars
Orc:1:    layout_caves, hellmonk_bongcloud_opening
Orc:2:    grunt_orc_tribal_feast, layout_caves, minmay_orc_keep

Skill      XL: |  1  2  3  4  5  6  7  8  9 10 11 12 13 14 |
---------------+-------------------------------------------+-----
Fighting       | 4 5 6 8 9 10 11 12 13 | 13.7
Armour         | 4 5 6 8 9 10 11 12 13 | 13.8
Shields        | 4 5 6 8 9 10 11 12 13 | 13.8
Maces & Flails | 3 4 5 7 8 10 12 13 15 | 15.1

Action                     |  1- 3 |  4- 6 |  7- 9 | 10-12 | 13-15 || total
---------------------------+-------+-------+-------+-------+-------++-------
  Melee: Flail             |   197 |   150 |   428 |  1122 |  1014 ||  2911
 Invoke: Potion Petition   |       |       |       |       |     7 ||     7
  Evoke: Wand              |       |       |       |     3 |    16 ||    19
         Box of beasts     |       |       |       |       |     1 ||     1
    Use: Scroll            |       |     8 |     6 |    10 |    13 ||    37
         Potion            |       |     1 |     5 |    20 |     5 ||    31
   Stab: Distracted        |       |       |     1 |     5 |     1 ||     7
         Invisible         |       |       |       |       |     2 ||     2
 Armour: Scale mail        |    59 |    71 |       |       |       ||   130
         Chain mail        |       |     5 |   338 |    89 |       ||   432
         Plate armour      |       |       |       |   953 |   754 ||  1707
         Skin              |       |       |       |       |    26 ||    26
  Dodge: Dodged            |    41 |    74 |   132 |   456 |   545 ||  1248
  Block: Buckler           |     1 |       |       |       |       ||     1
         Kite shield       |    46 |    85 |   229 |   786 |   791 ||  1937

Table legend: (Time is in decaauts)
 A = Elapsed time spent in this place.
 B = Non-inter-level travel time spent in this place.
 C = Inter-level travel time spent in this place.
 D = Time resting spent in this place.
 E = Time spent auto-exploring this place.
 F = Levels seen in this place.
 G = Mean time per level.
                   A        B        C        D        E       F      G
               +--------+--------+--------+--------+--------+-----+--------+
         Total |  32642 |  31655 |    987 |  13376 |  11696 |  22 | 1483.7 |
       Dungeon |  18887 |  18246 |    641 |   8191 |   6722 |  13 | 1452.8 |
        Temple |    276 |    258 |     18 |    115 |     79 |   1 |  276.0 |
          Lair |   9463 |   9163 |    300 |   3540 |   3808 |   5 | 1892.6 |
  Orcish Mines |   3748 |   3720 |     28 |   1529 |    984 |   2 | 1874.0 |
      Gauntlet |    265 |    265 |      0 |      0 |    102 |   1 |  265.0 |
               +--------+--------+--------+--------+--------+-----+--------+

Top non-repeatable levels by time:
     D:9: 4486 daAuts
  Lair:3: 3355 daAuts
   Orc:2: 2655 daAuts
    D:12: 2283 daAuts
  Lair:4: 1858 daAuts
     D:8: 1782 daAuts
     D:5: 1774 daAuts
     D:4: 1643 daAuts
     D:7: 1618 daAuts
  Lair:5: 1584 daAuts
  Lair:2: 1341 daAuts
  Lair:1: 1324 daAuts
    D:11: 1268 daAuts
   Orc:1: 1093 daAuts
     D:1: 1044 daAuts
